 Dungeon Crawl Stone Soup version 0.24.1 (webtiles) character file.

Game seed: 10807503811017376074, levelgen mode: deterministic

30949 BuffBuff the Severer (level 13, -3/119 HPs)
             Began as a Minotaur Berserker on Apr 2, 2020.
             Was a High Priest of Trog.
             Shot with a bolt by a yaktaur (19 damage)
             ... on level 14 of the Dungeon.
             The game lasted 00:37:57 (15718 turns).

BuffBuff the Severer (Minotaur Berserker)          Turns: 15718, Time: 00:37:58

Health: -3/119     AC: 16    Str: 36    XL:     13   Next: 23%
Magic:  12/12      EV: 17    Int:  8    God:    Trog [*****.]
Gold:   782        SH:  3    Dex: 11    Spells: 12/12 levels left

rFire    . . .     SeeInvis .   x - +2 battleaxe
rCold    . . .     Gourm    .   (shield currently unavailable)
rNeg     + . .     Faith    .   G - +5 ring mail of Somewhere Else {Int+2}
rPois    .         Spirit   .   (helmet restricted)
rElec    +         Reflect  +   b - +2 cloak of a sewer {rElec Str+7 Int+2}
rCorr    .         Harm     .   (no gloves)
MR       .....                  (no boots)
Stlth    +.........             a - +3 amulet of reflection
HPRegen  0.29/turn              r - ring of positive energy
MPRegen  0.13/turn              t - +3 ring of strength

@: slowed, very slow
A: retaliatory headbutt, horns 2
a: Berserk, Trog's Hand, Brothers in Arms, Renounce Religion


You were on level 14 of the Dungeon.
You worshipped Trog.
Trog was extremely pleased with you.
You were hungry.

You visited 1 branch of the dungeon, and saw 14 of its levels.

You collected 827 gold pieces.
You spent 45 gold pieces at shops.

Inventory:

Hand Weapons
 n - a +2 scimitar of flaming
 u - a +3 war axe of electrocution
 x - a +2 battleaxe (weapon)
Missiles
 s - 54 poisoned darts (quivered)
Armour
 b - the +2 cloak of a sewer (worn) {rElec Str+7 Int+2}
   (You found it on level 5 of the Dungeon)

   It affects your strength (+7).
   It affects your intelligence (+2).
   It insulates you from electricity.
 G - the +5 ring mail of Somewhere Else (worn) {Int+2}
   (You found it on level 8 of the Dungeon)

   It affects your intelligence (+2).
 L - a +0 shield
Jewellery
 a - a +3 amulet of reflection (around neck)
 h - an uncursed ring of flight
 r - a ring of positive energy (left hand)
 t - a +3 ring of strength (right hand)
 J - an uncursed ring of ice
Wands
 d - a wand of flame (48)
 v - a wand of polymorph (2)
 z - a wand of iceblast (8)
 F - a wand of acid (20)
 M - a wand of random effects (17)
Scrolls
 e - a scroll of silence {unknown}
 i - 2 scrolls of fog
 j - a scroll of remove curse
 k - a scroll of enchant armour
 l - 4 scrolls of teleportation
 o - 2 scrolls of fear
 w - 2 scrolls of enchant weapon
 y - a scroll of amnesia {unknown}
 D - 3 scrolls of magic mapping
 K - 3 scrolls of identify
 O - a scroll of torment {unknown}
 P - a scroll of noise {unknown}
Potions
 f - 6 potions of curing
 g - 3 potions of lignification
 m - a potion of might
 q - a potion of flight {unknown}
 A - a potion of invisibility
 B - 3 potions of magic {unknown}
 C - 2 potions of brilliance {unknown}
 E - 2 potions of ambrosia {unknown}
 H - a potion of agility
 I - a potion of mutation {unknown}
Comestibles
 c - 21 rations


   Skills:
 + Level 12.5 Fighting
 * Level 16.5 Axes
 + Level 12.2 Armour
 + Level 11.3 Dodging


You had 12 spell levels left.
You didn't know any spells.
Your spell library was empty.

Dungeon Overview and Level Annotations

Branches:
Dungeon (14/15)            Temple (0/1) D:5            Lair (0/6) D:11
    Orc (0/2) D:11
 Vaults: D:13-14

Altars:
Dithmenos
Elyvilon
Fedhas
Makhleb
Okawaru
Ru
Vehumet
Xom

Shops:
D:5 (   D:13 *


Innate Abilities, Weirdness & Mutations

You reflexively headbutt those who attack you in melee.
You have a pair of horns on your head.


Message History

The centaur warrior hits you but does no damage.
The electric eel shoots out a bolt of lightning at you!
The bolt of electricity hits you. You resist.
* * * LOW HITPOINT WARNING * * *
The bolt of electricity hits you. You resist.
* * * LOW HITPOINT WARNING * * *
The bolt of electricity hits the electric eel.
The electric eel completely resists.
You slice the electric eel!!
You kill the electric eel!
Trog accepts your kill.
You hear a splash.
You barely miss the centaur warrior. You hit the gargoyle but do no damage.
Your surroundings suddenly seem different.
The ogre mage shouts!
The yaktaur shouts!
The deep elf archer misses you. You furiously retaliate!
You headbutt the deep elf archer, but do no damage.
The yaktaur wields a +0 arbalest.
The yaktaur shoots a bolt.
The bolt hits you!!
You die...

#..# #..# #.# . #..##O
##..###.# #.#..#.#
#.......# #.#..#.#
##..##### c........
#).# ##.#c.#.######).#
........)4...(..#
.......)((.3).)##
#.#K.#@######)#
........e.# #.....<..
##.#..#.##..##########
#..#.# .# #. ##. # #.
. # #


You could see a soul eater, an ogre mage, a deep elf archer, 2 yaktaurs and a
red devil.

Vanquished Creatures
  Azrael (D:12)
  Harold (D:7)
  A centaur warrior (D:14)
  5 two-headed ogres
  A tengu warrior (D:13)
  Nergalle (D:12)
  2 unseen horrors
  Pikel (D:7)
  3 deep elf magi (D:14)
  A wolf spider zombie (D:14)
  2 ugly things
  3 manticores
  Joseph (D:8)
  Psyche (D:7)
  An efreet (D:14)
  A yaktaur (D:14)
  A harpy zombie (D:14)
  A merfolk (D:9)
  A tengu conjurer (D:13)
  4 trolls
  3 hornets
  5 slime creatures (D:12)
  2 hippogriffs
  A meliai zombie (D:12)
  An air elemental (D:10)
  A wraith (D:10)
  A wyvern (D:14)
  16 yaks
  4 fire elementals
  A basilisk (D:11)
  2 hungry ghosts
  Edmund (D:6)
  Menkaure (D:4)
  2 acid dragons
  6 porcupines (D:11)
  A hell hound (D:12)
  7 orc warriors
  3 black bears
  7 sky beasts
  An ice beast (D:5)
  A phantom (D:4)
  A necrophage (D:9)
  6 centaurs
  14 ogres
  A crocodile (D:11)
  6 big kobolds
  7 bullfrogs
  An earth elemental (D:10)
  7 gnoll sergeants
  3 scorpions
  13 wights
  12 killer bees
  4 electric eels
  A howler monkey (D:5)
  2 crimson imps
  4 centaur zombies
  2 quasits
  8 orc priests
  9 hounds
  4 orc wizards
  4 centaur skeletons
  4 jellies
  2 bullfrog skeletons
  11 worker ants
  A hound skeleton (D:4)
  A worker ant zombie (D:8)
  6 gnolls
  13 adders
  2 shadow imps
  2 oozes
  An adder skeleton (D:7)
  3 worms
  3 dart slugs
  8 leopard geckos
  22 orcs
  3 ball pythons
  9 giant cockroaches
  5 goblins
  4 hobgoblins
  4 jackals (D:3)
  5 quokkas
  8 bats
  5 frilled lizards
  A jackal skeleton (D:6)
  17 kobolds
  A leopard gecko skeleton (D:4)
  A rat (shapeshifter) (D:13)
  8 rats
  2 plants (D:11)
361 creatures vanquished.

Vanquished Creatures (others)
  Nessos (D:13)
  An unseen horror (D:9)
  A water elemental (D:10)
  A centaur (D:12)
  A killer bee (D:12)
  33 fungi (D:11)
  22 plants (D:11)
60 creatures vanquished.

Grand Total: 421 creatures vanquished

Notes
Turn   | Place    | Note
-------+----------+-------------------------------------------
     0 | D:1      | BuffBuff the Minotaur Berserker began the quest for the
                  | Orb.
     0 | D:1      | Reached XP level 1. HP: 19/19 MP: 0/0
   331 | D:1      | Reached XP level 2. HP: 27/27 MP: 1/1
   365 | D:1      | Reached skill level 4 in Axes
   526 | D:1      | Reached XP level 3. HP: 33/33 MP: 2/2
   810 | D:2      | Reached ** piety under Trog
   848 | D:2      | Reached XP level 4. HP: 26/40 MP: 3/3
  1024 | D:2      | Found a faded altar of an unknown god.
  1361 | D:2      | Found a burning altar of Makhleb.
  1581 | D:3      | Reached skill level 5 in Axes
  1668 | D:3      | Found a sacrificial altar of Ru.
  1934 | D:3      | Reached XP level 5. HP: 36/47 MP: 4/4
  2047 | D:3      | Noticed an orc warrior
  2055 | D:3      | Reached *** piety under Trog
  2061 | D:3      | Killed an orc warrior
  2061 | D:3      | Reached XP level 6. HP: 8/55 MP: 5/5
  2565 | D:4      | Reached skill level 5 in Fighting
  2565 | D:4      | Reached skill level 6 in Axes
  2898 | D:4      | Reached XP level 7. HP: 61/61 MP: 6/6
  2921 | D:4      | Noticed Menkaure
  2936 | D:4      | Killed Menkaure
  2936 | D:4      | Reached skill level 7 in Axes
  2936 | D:4      | Reached skill level 5 in Armour
  3434 | D:4      | Found a radiant altar of Vehumet.
  3629 | D:5      | Entered Level 5 of the Dungeon
  3692 | D:5      | Reached XP level 8. HP: 55/70 MP: 7/7
  3693 | D:5      | Reached skill level 8 in Axes
  3693 | D:5      | Reached skill level 5 in Dodging
  4051 | D:5      | Found a staircase to the Ecumenical Temple.
  4279 | D:5      | Found Isaugud's Weapon Emporium.
  4460 | D:5      | Reached skill level 9 in Axes
  4492 | D:5      | Got a translucent cloak
  4497 | D:5      | Identified the +2 cloak of a sewer {rElec Str+7 Int+2} (You
                  | found it on level 5 of the Dungeon)
  4821 | D:6      | Noticed Edmund
  4830 | D:6      | Killed Edmund
  5043 | D:6      | Reached XP level 9. HP: 79/79 MP: 8/8
  5046 | D:6      | Found a transporter.
  5177 | D:6      | Found a transporter.
  5262 | D:6      | Reached **** piety under Trog
  5598 | D:7      | Reached skill level 10 in Axes
  5808 | D:7      | Found a white marble altar of Elyvilon.
  6130 | D:7      | Noticed Pikel
  6138 | D:7      | Killed Pikel
  6138 | D:7      | Reached skill level 11 in Axes
  6155 | D:7      | Found Reshreut's Magic Scroll Shop.
  6155 | D:7      | Noticed Harold
  6166 | D:7      | Killed Harold
  6166 | D:7      | Reached XP level 10. HP: 41/90 MP: 9/9
  6398 | D:7      | You fall into a shaft and drop 1 floor!
  6421 | D:8      | Noticed Psyche
  6465 | D:7      | Killed Psyche
  6895 | D:8      | Got a twisted ring mail
  6906 | D:8      | Identified the +5 ring mail of Somewhere Else {Int+2} (You
                  | found it on level 8 of the Dungeon)
  6946 | D:8      | Noticed a green ugly thing
  6952 | D:8      | Killed a green ugly thing
  6952 | D:8      | Reached skill level 12 in Axes
  7040 | D:8      | Reached ***** piety under Trog
  7060 | D:8      | Noticed Joseph
  7067 | D:8      | Killed Joseph
  7228 | D:8      | Received a gift from Trog
  7316 | D:8      | Found a faded altar of an unknown god.
  7316 | D:8      | Found a shimmering altar of Xom.
  7321 | D:8      | Found a shadowy altar of Dithmenos.
  7323 | D:8      | Found an iron altar of Okawaru.
  7325 | D:8      | Found a blossoming altar of Fedhas.
  8426 | D:9      | Killed an unseen horror
  8965 | D:9      | HP: 3/93 [something (13)]
  9366 | D:10     | Entered Level 10 of the Dungeon
  9412 | D:10     | Found a large runed translucent door.
  9412 | D:10     | Found a large runed translucent door.
  9577 | D:10     | Reached XP level 11. HP: 99/99 MP: 10/10
  9637 | D:10     | Reached skill level 13 in Axes
 10193 | D:10     | Reached skill level 10 in Fighting
 10796 | D:11     | Noticed a two-headed ogre
 10804 | D:11     | Killed a two-headed ogre
 10838 | D:11     | Reached skill level 10 in Armour
 10942 | D:11     | Found a staircase to the Lair.
 11183 | D:11     | Found a staircase to the Orcish Mines.
 11566 | D:11     | Reached skill level 14 in Axes
 11631 | D:12     | Noticed Nergalle
 11644 | D:12     | Killed Nergalle
 11713 | D:12     | Noticed a two-headed ogre
 11722 | D:12     | Killed a two-headed ogre
 11826 | D:12     | Paralysed by a hornet for 3 turns
 11938 | D:12     | Paralysed by a hornet for 3 turns
 12148 | D:12     | Reached XP level 12. HP: 16/110 MP: 11/11
 12411 | D:12     | Reached skill level 10 in Dodging
 12466 | D:12     | Noticed a two-headed ogre
 12469 | D:12     | Killed a two-headed ogre
 12478 | D:12     | Noticed Azrael
 12797 | D:12     | Reached skill level 15 in Axes
 12802 | D:12     | Killed Azrael
 13515 | D:13     | Found Xeol's General Store.
 13707 | D:13     | Bought a scroll of remove curse for 45 gold pieces
 14177 | D:13     | Noticed a two-headed ogre
 14181 | D:13     | Killed a two-headed ogre
 14194 | D:13     | Noticed Nessos
 14208 | D:13     | Killed Nessos
 14456 | D:13     | Noticed a tengu warrior
 14464 | D:13     | Killed a tengu warrior
 14464 | D:13     | Reached skill level 16 in Axes
 15393 | D:14     | Reached XP level 13. HP: 110/118 MP: 12/12
 15657 | D:14     | Received a gift from Trog
 15713 | D:14     | HP: 4/119 [centaur warrior/arrow (7)]
 15718 | D:14     | Shot with a bolt by a yaktaur

Levels and vault maps discovered:
D:1:      mushboom_english_gardens, layout_basic
D:2:      layout_rooms, lightli_temple_of_fire,
          chequers_ecumenical_altar_simple_redux
D:3:      layout_loops_ring, first_ration, nicolae_ru_great_annihilating_truth
D:4:      layout_basic, vehumet_altar_wand_db, uniq_menkaure
D:5:      layout_loops_cross, minmay_temple_entry_drinking_statues,
          serial_shops, shop
D:6:      gammafunk_steamed_eel, layout_loops_ring, hangedman_decor_peaks_small,
          uniq_edmund
D:7:      layout_basic, nicolae_overflow_crystal_walls, serial_shops, shop,
          uniq_pikel, uniq_harold
D:8:      layout_layer_cave, chequers_temple_overflow_minitemple, uniq_psyche,
          uniq_joseph
D:9:      layout_roguey, hangedman_fish_farm, lemuel_flame_loot_1
D:10:     layout_basic, lightli_elemental_guards
D:11:     layout_loops_ring, due_lair_maze_entry_diamond,
          kennysheep_orc_monster_closet_entryway
D:12:     layout_loops_ring, minmay_increasing_density, uniq_nergalle,
          uniq_azrael
D:13:     layout_basic, serial_shops, shop_fountains, uniq_nessos
D:14:     layout_loops_ring, hangedman_vaults_entry_quadrant_bands,
          kennysheep_cross_bottleneck, drop_trap

Skill      XL: |  1  2  3  4  5  6  7  8  9 10 11 12 |
---------------+-------------------------------------+-----
Axes           | 4 5 6 7 9 11 12 14 16 | 16.5
Fighting       | 4 5 6 7 8 9 11 12 | 12.5
Armour         | 3 4 5 6 8 9 10 12 | 12.2
Dodging        | 3 4 6 7 8 9 11 | 11.3

Action                   |  1- 3 |  4- 6 |  7- 9 | 10-12 | 13-15 || total
-------------------------+-------+-------+-------+-------+-------++-------
Melee: Hand axe          |     8 |       |       |       |       ||     8
       Dagger            |    41 |   108 |       |       |       ||   149
       Headbutt          |     6 |    19 |    32 |   111 |    16 ||   184
       War axe           |       |    10 |   142 |   431 |       ||   583
       Battleaxe         |       |       |       |    34 |    41 ||    75
       Unarmed           |       |       |       |     7 |       ||     7
Throw: Dart              |       |       |     4 |       |       ||     4
Invok: Berserk           |       |     2 |     1 |     8 |       ||    11
  Use: Scroll            |       |       |    14 |     9 |     2 ||    25
       Potion            |       |       |       |     7 |     2 ||     9
 Stab: Sleeping          |     1 |       |       |       |       ||     1
       Paralysed         |       |     1 |       |       |       ||     1
       Invisible         |       |       |       |     4 |       ||     4
  Eat: Chunk             |       |     7 |    12 |    26 |     2 ||    47
       Ration            |       |       |       |     3 |       ||     3
Armor: Animal skin       |     4 |       |       |       |       ||     4
       Scale mail        |    12 |    44 |    21 |       |       ||    77
       Chain mail        |       |       |    27 |    17 |       ||    44
       Ring mail         |       |       |       |   139 |    12 ||   151
Dodge: Dodged            |    39 |    61 |    62 |   276 |    30 ||   468
Block: Other             |       |       |     9 |    38 |     5 ||    52
       Reflection        |       |       |       |    18 |     1 ||    19
       Shield            |       |       |       |   116 |       ||   116
